 Dungeon Crawl Stone Soup version 0.25-a0-290-g4a1327ee3a (webtiles) character file.

Game seed: 1544092135188538031, levelgen mode: classic

58 Borgoz the Covered (level 4, 0/31 HPs)
             Began as a Halfling Fighter on Dec 14, 2019.
             Slain by a sky beast (6 damage)
             ... on level 2 of the Dungeon.
             The game lasted 00:01:56 (883 turns).

Borgoz the Covered (Halfling Fighter)                Turns: 883, Time: 00:01:56

Health: 0/31       AC:  7    Str: 18    XL:     4   Next: 20%
Magic:  13/13      EV: 10    Int:  6    God:
Gold:   15         SH:  9    Dex: 13    Spells: 3/3 levels left

rFire    . . .     SeeInvis .   a - +0 rapier
rCold    . . .     Gourm    .   c - +0 shield
rNeg     . . .     Faith    .   b - +0 scale mail
rPois    .         Spirit   .   (no helmet)
rElec    .         Reflect  .   (no cloak)
rCorr    .         Harm     .   (no gloves)
MR       .....                  (no boots)
Stlth    ..........             (no amulet)
HPRegen  0.10/turn              h - ring of magical power
MPRegen  0.13/turn              (no ring)

@: no status effects
A: small, mutation resistance 1
a: no special abilities


You were on level 2 of the Dungeon.
You were not hungry.

You visited 1 branch of the dungeon, and saw 2 of its levels.

You collected 15 gold pieces.

Inventory:

Hand Weapons
 a - a +0 rapier (weapon)
Armour
 b - a +0 scale mail (worn)
 c - a +0 shield (worn)
Jewellery
 h - a ring of magical power (left hand)
 j - an uncursed ring of wizardry {unknown}
Scrolls
 e - a scroll of immolation {unknown}
 i - 2 scrolls of teleportation {unknown}
 l - a scroll of blinking {unknown}
 m - a scroll of remove curse {unknown}
 n - a scroll of identify {unknown}
Comestibles
 f - a ration


   Skills:
 + Level 3.2 Fighting
 + Level 3.2 Short Blades
 + Level 3.8 Armour
 + Level 1.6 Dodging
 - Level 3.2 Shields


You had 3 spell levels left.
You didn't know any spells.
Your spell library was empty.

Dungeon Overview and Level Annotations

Branches:
Dungeon (2/15)

Altars:


Innate Abilities, Weirdness & Mutations

You are small and have problems with some larger weapons.
You are somewhat resistant to further mutation.


Message History

Your shield and scale mail prevent you from hitting the sky beast.
The sky beast is moderately wounded.
The sky beast hits you but does no damage.
You closely miss the sky beast.
The sky beast is moderately wounded.
You block the sky beast's attack.
You hit the sky beast but do no damage.
The sky beast is moderately wounded.
The sky beast barely misses you.
The sky beast flickers out of sight!
Deactivating autopickup; reactivate with Ctrl-A.
Something hits you. Something shocks you.
You puncture something! Something hits you but does no damage.
You hit something but do no damage. Something hits you. Something shocks you.
Your shield prevents you from hitting something.
Something hits you. Something shocks you.
Your shield and scale mail prevent you from hitting something.
Something hits you.
* * * LOW HITPOINT WARNING * * *
Something shocks you.
You die...

#######.# #.......#
#.......# ........#
#.....##########
#....>'....#...
#.....####.#.####.#
#.................8
######.####@.#.....
#.# #{.# ### #.#
#..# #.# #$.. #.#
#.... #.# #.....
#.# #.....# #.#
#?....# #.# ###


There were no monsters in sight!

Vanquished Creatures
  Terence (D:2)
  An adder (D:2)
  2 dart slugs
  A leopard gecko (D:1)
  A ball python (D:1)
  3 goblins
  3 hobgoblins (D:1)
  2 jackals (D:1)
  2 kobolds (D:1)
  A frilled lizard (D:2)
  A rat (D:1)
18 creatures vanquished.

Notes
Turn   | Place    | Note
-------+----------+-------------------------------------------
     0 | D:1      | Borgoz the Halfling Fighter began the quest for the Orb.
     0 | D:1      | Reached XP level 1. HP: 15/15 MP: 1/1
    97 | D:1      | Reached XP level 2. HP: 20/20 MP: 2/2
   339 | D:1      | Reached skill level 1 in Dodging
   549 | D:2      | Noticed Terence
   554 | D:2      | Reached XP level 3. HP: 21/26 MP: 3/3
   574 | D:2      | Killed Terence
   574 | D:2      | Reached XP level 4. HP: 6/31 MP: 4/4
   867 | D:2      | Noticed a sky beast
   883 | D:2      | Slain by a sky beast

Levels and vault maps discovered:
D:1:      dpeg_arrival_rooms_c, layout_rooms, chequers_big_river
D:2:      layout_basic, minmay_statues_item, nicolae_ru_awakened_eye,
          uniq_terence

Skill      XL: |  1  2  3 |
---------------+----------+-----
Dodging        | 1 |  1.6
Fighting       | 3 |  3.2
Short Blades   | 3 |  3.2
Armour         | |  3.8
Shields        | |  3.2

Action                   |  1- 3 |  4- 6 || total
-------------------------+-------+-------++-------
Melee: Rapier            |    63 |    14 ||    77
  Use: Potion            |     1 |     1 ||     2
Armor: Scale mail        |    11 |     3 ||    14
Dodge: Dodged            |    22 |     3 ||    25
Block: Shield            |    33 |     4 ||    37

Table legend:
 A = Non-vault XP
 B = Vault XP
 C = Vault XP percentage of total XP
 D = Non-vault monster count
 E = Vault monster count
 F = Vault count percentage of total count
                 A         B        C        D         E       F
            +---------+---------+-------+---------+---------+-------
      Total |      47 |      36 |  43.4 |      17 |       1 |   5.6
            +---------+---------+-------+---------+---------+-------
        D:1 |      27 |       0 |   0.0 |      13 |       0 |   0.0
        D:2 |      20 |      36 |  64.3 |       4 |       1 |  20.0
            +---------+---------+-------+---------+---------+-------
